 Dungeon Crawl Stone Soup version 0.30-a0-6-g7c9e10e132 (webtiles) character file.

Game seed: 10590168431838142310

414863 Flugkiller the Impregnable (level 22, -1/220 (222) HPs)
             Began as a Minotaur Fighter on Aug 22, 2022.
             Was the Champion of Qazlal.
             Killed from afar by a purple draconian shifter (41 damage)
             ... with a bolt of dispelling energy
             ... led by a red draconian scorcher
             ... on level 4 of the Realm of Zot.
             The game lasted 00:27:15 (35856 turns).

Flugkiller the Impregnable (Minotaur Fighter)      Turns: 35856, Time: 00:27:15

HP:   -1/220 (222)  AC: 41    Str: 26      XL:     22   Next: 22%
MP:   27/31         EV: 15    Int:  3 (4)  God:    Qazlal [******]
Gold: 2577          SH: 27    Dex: 24      Spells: 21/21 levels left

rFire   + + .      SeeInvis .    T - +10 war axe "Beetleslayer" {vamp, rElec rC+ Stlth-}
rCold   + + +      Faith    .    O - +2 kite shield {reflect}
rNeg    . . .      Spirit   .    f - +4 gold dragon scales
rPois   +          Reflect  +    (helmet restricted)
rElec   +          Harm     .    G - scarf {rC+ rF+}
rCorr   .          Rampage  .    r - +2 pair of gloves
Will    ++...                    s - +2 pair of boots
Stlth   ..........               U - amulet of regeneration
HPRegen 1.26/turn                p - +4 ring of protection
MPRegen 0.22/turn                I - ring "Trusted Companion" {Will+ Dex+5}

@: lethally poisoned (-1 -> -2), protected from electricity, lightly drained,
repel missiles
A: horns 2, retaliatory headbutt, claws 1, hooves 1, agile 1
}: 3/15 runes: serpentine, barnacled, silver
a: Renounce Religion, Upheaval, Elemental Force, Disaster Area


You were on level 4 of the Realm of Zot.
You worshipped Qazlal.
Qazlal was exalted by your worship.
You visited 9 branches of the dungeon, and saw 44 of its levels.
You visited the Abyss 1 time.

You collected 3584 gold pieces.
You spent 1007 gold pieces at shops.

Inventory:

Hand Weapons
 y - a +6 broad axe of flaming
   (You took it off a kobold on level 7 of the Dungeon)
 T - the +10 war axe "Beetleslayer" (weapon) {vamp, rElec rC+ Stlth-}
   (You bought it in a shop on level 1 of the Orcish Mines)

   It occasionally heals its wielder for a portion of the damage dealt when it
   wounds a living foe.
   rC:        It protects you from cold.
   rElec:     It insulates you from electricity.
   Stlth:     It makes you less stealthy.
Missiles
 E - 4 throwing nets (quivered)
Armour
 f - +4 gold dragon scales (worn)
   (You found it on level 4 of the Depths)
 r - a +2 pair of gloves (worn)
   (You found it on level 4 of the Snake Pit)
 s - a +2 pair of boots (worn)
   (You found it on level 3 of the Dungeon)
 D - a +2 plate armour of poison resistance
   (You found it on level 12 of the Dungeon)
 G - a scarf of resistance (worn)
   (You found it on level 12 of the Dungeon)
 O - a +2 kite shield of reflection (worn)
   (You took it off Donald on level 2 of the Orcish Mines)
 S - the +15 Maxwell's patent armour {-Cast -Tele rElec Will+ rCorr}
   (You found it on level 1 of the Lair of Beasts)

   rElec:     It insulates you from electricity.
   -Cast:     It prevents spellcasting.
   -Tele:     It prevents most forms of teleportation.
   rCorr:     It protects you from acid and corrosion.
   Will:      It increases your willpower.
Jewellery
 l - the ring "Yciteg" {Ice +Blink rElec rN+ Dex-4}
   (You took it off Josephina on level 4 of the Realm of Zot)

   [ring of ice]

   It enhances your ice magic.
   Dex:       It affects your dexterity (-4).
   rF:        It makes you vulnerable to fire.
   rC:        It protects you from cold.
   rElec:     It insulates you from electricity.
   rN:        It protects you from negative energy.
   +Blink:    It lets you blink.
 m - a ring of willpower
   (You found it on level 10 of the Dungeon)
 o - a ring of poison resistance
   (You found it on level 5 of the Vaults)
 p - a +4 ring of protection (left hand)
   (You found it on level 3 of the Depths)
 v - a +4 ring of evasion
   (You found it on level 2 of the Dungeon)
 I - the ring "Trusted Companion" (right hand) {Will+ Dex+5}
   (You found it on level 4 of the Shoals)

   [ring of willpower]

   Dex:       It affects your dexterity (+5).
   Will:      It increases your willpower.
 M - the ring "Typyxt" {rF+ rN++ SInv}
   (You found it on level 15 of the Dungeon)

   [ring of see invisible]

   rF:        It protects you from fire.
   rN:        It greatly protects you from negative energy.
   SInv:      It lets you see invisible.
 Q - a +4 ring of evasion
   (You found it on level 15 of the Dungeon)
 U - an amulet of regeneration (around neck)
   (You took it off a vault guard on level 5 of the Vaults)
Wands
 c - a wand of light (28)
   (You found it on level 6 of the Dungeon)
 g - a wand of digging (9)
   (You found it on level 4 of the Vaults)
 B - a wand of iceblast (20)
   (You found it on level 5 of the Dungeon)
 R - a wand of mindburst (17)
   (You found it on level 11 of the Dungeon)
 V - a wand of charming (25)
   (You found it on level 3 of the Lair of Beasts)
Scrolls
 a - 10 scrolls of vulnerability
 i - 6 scrolls of immolation
 j - 6 scrolls of fog
 k - 4 scrolls of fear
 t - 19 scrolls of teleportation
 x - 4 scrolls of enchant weapon
 z - 8 scrolls of blinking
 W - 6 scrolls of brand weapon
 Y - 3 scrolls of summoning
 Z - 2 scrolls of silence
Potions
 b - 7 potions of cancellation
 d - 6 potions of might
 e - 9 potions of berserk rage
 h - 8 potions of haste
 n - 4 potions of resistance
 q - 13 potions of curing
 u - 2 potions of ambrosia
 A - 9 potions of mutation
 C - 9 potions of flight
 J - 4 potions of lignification
 K - 4 potions of invisibility
 N - 3 potions of magic
Miscellaneous
 F - a condenser vane (inert)
   (You found it on level 12 of the Dungeon)
 L - a phantom mirror
   (You found it on level 9 of the Dungeon)
 P - a piece from Xom's chessboard (15/15)
   (You found it on level 3 of the Lair of Beasts)


   Skills:
 - Level 23.8 Fighting
 - Level 18.0 Axes
 - Level 23.8 Armour
 + Level 14.1 Dodging
 + Level 19.2 Shields
 - Level 14.0 Invocations
 - Level 10.0 Evocations


You had 21 spell levels left.
You didn't know any spells.
Your spell library was empty.

Dungeon Overview and Level Annotations

Branches:
Dungeon (15/15)            Temple (1/1) D:4            Lair (5/5) D:11
 Shoals (4/4) Lair:3        Snake (4/4) Lair:3        Slime (0/5) Lair:5
    Orc (2/2) D:11            Elf (0/3) Orc:2        Vaults (5/5) D:13
 Depths (4/4) D:15            Zot (4/5) Depths:4
  Crypt: Vaults:2-3

Altars:
Ashenzari
Cheibriados
Dithmenos
Elyvilon
Fedhas
Gozag
Hepliaklqana
Kikubaaqudgha
Makhleb
Nemelex Xobeh
Okawaru
Qazlal
Ru
Sif Muna
Trog
Uskayaw
Vehumet
Wu Jian
Xom
Yredelemnul
Zin
The Shining One

Shops:
D:5 =   D:7 [   Orc:1 (   Orc:2 ?*?*   Snake:4 ::=

Portals:
Hell: Depths:4
Abyss: Depths:3 Depths:4

Annotations:
Lair:1 3 runed translucent doors, Fulomu's ghost, journeyman MiEn; Nedank's ghost, journeyman NaNe
Snake:1 1 runed translucent door
Orc:1 3 runed translucent doors, QuickerDeath's ghost, journeyman TrHW


Innate Abilities, Weirdness & Mutations

You have a pair of horns on your head.
You reflexively headbutt those who attack you in melee.
You have sharp fingernails.
You have large cloven feet.
You are agile. (Dex +4, Str/Int -1)


Message History

You feel protected from electricity.
* * * LOW HITPOINT WARNING * * *
The bolt of lightning hits the fire elemental!
The fire elemental resists.
The bolt of lightning misses your fire elemental.
The fire elemental is engulfed in freezing vapours.
You destroy the fire elemental!
Qazlal accepts your kill.
Items here: ) [[ †.
You barely miss something. You headbutt something.
You hit the yellow draconian annihilator but do no damage.
You catch the helpless fire elemental completely off-guard!
You hit the fire elemental but do no damage.
Your fire elemental hits the white draconian.
Your fire elemental burns the white draconian!
The white draconian dies!
Qazlal accepts your kill.
Your fire elemental hits the yellow draconian annihilator.
Your fire elemental burns the yellow draconian annihilator!
Your fire elemental hits the red draconian shifter.
Your fire elemental burns the red draconian shifter!
The red draconian shifter resists.
The red draconian shifter dies!
Qazlal accepts your kill.
Your fire elemental barely misses the green draconian.
Your fire elemental hits the efreet.
Your fire elemental completely misses the fire elemental.
Something hits you but does no damage.
The fire elemental completely misses you.
The yellow draconian annihilator gestures at you while chanting.
The poison arrow hits you!
You are poisoned.
You partially resist.
* * * LOW HITPOINT WARNING * * *
The red draconian is engulfed in blazing flames.
The efreet gestures at you.
The bolt of fire hits something!
The bolt of fire is repelled.
The green draconian is engulfed in freezing vapours.
The green draconian hits your fire elemental with a +0 hand axe!
The green draconian hits your fire elemental with a +0 hand axe. x2
The green draconian barely misses your fire elemental.
Your Dodging skill increases to level 14!
You are too injured to fight recklessly!
You are too injured to fight recklessly!
You are too injured to fight recklessly!
You closely miss the yellow draconian annihilator.
The yellow draconian annihilator is heavily wounded.
You hit the fire elemental.
You destroy the fire elemental!
Qazlal accepts your kill.
You miss something. You slash the red draconian!
You feel better.
You feel sick.
You hear a roar!
Your fire elemental hits the yellow draconian annihilator.
Your fire elemental burns the yellow draconian annihilator!
You block something's attack.
Your fire elemental hits the yellow draconian annihilator.
Your fire elemental burns the yellow draconian annihilator!
Your fire elemental hits the green draconian.
Your fire elemental burns the green draconian!
You closely miss the yellow draconian annihilator.
You headbutt the yellow draconian annihilator!
The yellow draconian annihilator is almost dead.
You hit something. You slash the red draconian!
You feel sick.
Your fire elemental hits the yellow draconian annihilator.
Your fire elemental burns the yellow draconian annihilator!
The yellow draconian annihilator dies!
Qazlal accepts your kill. Something hits you!
* * * LOW HITPOINT WARNING * * *
You block the red draconian's attack.
The green draconian is engulfed in freezing vapours.
The green draconian seems to slow down.
The green draconian barely misses your fire elemental.
The green draconian hits your fire elemental with a +0 hand axe! x3
The green draconian hits your fire elemental with a +0 hand axe.
The green draconian tail-slaps your fire elemental.
Your fire elemental hits the green draconian.
Your fire elemental burns the green draconian!
The efreet hits your fire elemental with a +0 scimitar of flaming.
A curse toe comes into view.
Your fire elemental barely misses the green draconian.
Your fire elemental hits the green draconian.
Your fire elemental burns the green draconian!
The green draconian dies!
Qazlal accepts your kill.
Your fire elemental hits something.
Your fire elemental burns something!
You feel sick.
A shard of ice appears from out of thin air!
The shard of ice hits your fire elemental!!!
Your fire elemental is frozen!
Your fire elemental is destroyed!
Your fire elemental disappears in a puff of smoke!
Your fire elemental hits the efreet.
You block the red draconian's attack.
The purple draconian shifter breathes dispelling energy at you.
The bolt of dispelling energy hits your fire elemental!!!
Your fire elemental is destroyed!
Your fire elemental disappears in a puff of smoke!
The bolt of dispelling energy hits you!!!
You die...

,,*****,*,≈~*#......,,,,,,,,,,*
,**,,,***,.≈~#......,,,,,,,,,,*
,*,,,,,,+,,~≈#§○○.§°,,,,,,,,,**
,+,,,,,,+,,○°○.§..z☼,,,,,,,,,*
,*,,,,,,+,,~°*#○§.#*,,,,,,,,,*
,**,,,***,,~~*##EE#**,,,,,,,,*
,,*****,*,~~**#○R§# ***,,,,,,*
,,,,,,,,#☼§~*##EE{# **,,,,,*
#########°○~*#☼E@○# *,,,,,*
........≈≈○**#§☼Ed# **,,,,*
§§....≈≈≈°○###q○§## *,,,,*
≈§..≈§≈≈§≈E☼#...## **,,,**
§§§§≈§≈≈≈#.....## *,,,,*
§≈§§≈≈≈≈###...## **,,,,* *
§§§≈§≈###.....#### ***,,,,** *
#§≈§##...........#***,,,,,,* *
....................,,,,,,** **


You could see a red draconian (catching breath), a curse toe (distracted), a
purple draconian shifter (catching breath), an efreet and 6 friendly fire
elementals.

Vanquished Creatures
  A dread lich (Vaults:5)
  Mennas (Depths:3)
  A juggernaut (Depths:4)
  Josephina (Zot:4)
  Frederick (Vaults:4)
  4 golden dragons
  Nikola (Shoals:4)
  A bone dragon (Depths:1)
  2 doom hounds (Depths:2)
  An electric golem (Zot:1)
  12 tentacled monstrosities
  A walking divine tome (Depths:3)
  3 titans (Vaults:5)
  A quicksilver dragon (Zot:1)
  Mlioglotl (Shoals:4)
  Grunn (Depths:2)
  Polyphemus (Shoals:3)
  A tentacled starspawn (Abyss:3)
  6 sphinxes
  Kirke (Shoals:2)
  Agnes (Snake:1)
  4 death cobs
  7 shadow dragons
  3 tengu reavers
  Donald (Orc:2)
  7 storm dragons
  3 nagarajas (Snake:4)
  Roxanne (D:14)
  7 fire giants
  Ilsuiw (Shoals:3)
  2 draconian knights
  An orc warlord (Orc:1)
  4 frost giants
  9 vault wardens (Vaults:5)
  3 draconian shifters
  Aizul (Snake:1)
  2 draconian scorchers
  13 ironbound preservers
  3 ghost moths
  3 iron dragons
  4 draconian annihilators
  4 war gargoyles (Vaults:5)
  A reaper (Depths:2)
  2 spriggan defenders (Depths:4)
  10 very ugly things
  8 stone giants
  7 black draconians
  A vampire knight (Depths:1)
  A starcursed mass (Abyss:3)
  A putrid mouth (Depths:1)
  3 deep elf demonologists (Vaults:5)
  3 green draconians
  3 white draconians
  4 spark wasps (Depths:1)
  9 red draconians
  4 purple draconians
  3 yellow draconians
  4 dire elephants (Vaults:4)
  8 merfolk impalers
  9 ettins
  4 merfolk javelineers
  Snorg (Lair:4)
  2 deep elf death magi (Vaults:5)
  A great orb of eyes (D:15)
  2 deep elf high priests (Vaults:5)
  2 rakshasas (D:15)
  5 fire dragons
  5 yaktaur captains
  28 vault guards
  5 ice dragons
  2 boulder beetles
  9 hydras
  5 spriggan air magi
  3 ogre magi
  3 salamander tyrants
  A catoblepas (shapeshifter) (Vaults:5)
  13 centaur warriors
  3 catoblepae
  9 naga warriors
  14 death yaks
  3 merfolk avatars
  14 anacondas
  18 two-headed ogres
  6 alligator snapping turtles
  An anaconda (shapeshifter) (Depths:3)
  2 satyrs
  7 deep troll shamans
  3 tengu warriors
  5 shock serpents
  10 merfolk aquamancers
  12 naga sharpshooters
  2 thrashing horrors
  An orc high priest (Orc:1)
  Nergalle (Orc:1)
  3 deep troll earth magi
  A hell knight (Vaults:5)
  A soul eater (Abyss:3)
  Urug (Lair:5)
  A spriggan berserker (Depths:3)
  4 iron trolls
  6 salamander mystics
  22 sea snakes
  3 skeletal warriors
  2 glowing orange brains
  A flayed ghost (Depths:1)
  A swamp dragon (shapeshifter) (Vaults:5)
  11 naga ritualists
  39 deep trolls
  Pikel (D:7)
  2 deep elf zephyrmancers (Orc:1)
  2 phantasmal warriors (Vaults:5)
  6 ironbound convokers
  A wizard (D:12)
  2 deep elf archers
  6 orc knights
  A harpy (shapeshifter) (D:15)
  A necromancer (Vaults:4)
  19 harpies
  4 lindwurms
  4 deep elf pyromancers
  A shining eye (shapeshifter) (Vaults:5)
  22 ugly things
  4 orc sorcerers
  A human zombie (Vaults:4)
  A mana viper (shapeshifter) (Vaults:5)
  11 fauns
  7 mana vipers
  2 wolf spiders (shapeshifter)
  22 manticores
  5 moths of wrath
  7 cyclopes
  19 salamanders
  18 naga magi
  7 elephants
  A moth of wrath (shapeshifter) (Vaults:5)
  A stone giant skeleton (Vaults:4)
  4 water nymphs
  An apocalypse crab (Abyss:3)
  5 guardian serpents
  11 merfolk sirens
  An orange demon (Abyss:3)
  Maggie (Lair:2)
  6 vault sentinels
  30 black mambas
  A torpor snail (Lair:5)
  8 cane toads
  A kobold demonologist (D:10)
  4 komodo dragons
  8 unseen horrors
  An efreet (D:14)
  2 tormentors
  6 tengu conjurers
  9 yaktaurs
  A meliai (shapeshifter) (D:12)
  An ancient zyme (Abyss:3)
  A merfolk (shapeshifter) (D:15)
  2 freezing wraiths (Vaults:5)
  13 trolls
  22 merfolk
  4 polar bears
  3 wind drakes
  9 hornets
  A troll (shapeshifter) (D:15)
  A queen bee (shapeshifter) (Vaults:5)
  4 large abominations (Depths:4)
  2 hornets (shapeshifter)
  21 blink frogs
  9 slime creatures
  A snapping turtle (shapeshifter) (Vaults:5)
  6 snapping turtles
  A draconian simulacrum (Zot:4)
  A centaur simulacrum (D:15)
  2 wraiths
  A jumping spider (shapeshifter) (Vaults:5)
  2 shadows (D:12)
  5 wyverns
  A ynoxinul (Abyss:3)
  18 water elementals
  4 hogs (Shoals:2)
  A vampire (D:10)
  28 yaks
  18 fire elementals (Zot:4)
  A human (D:13)
  A redback (shapeshifter) (D:15)
  2 basilisks
  2 chaos spawn (Depths:4)
  A neqoxec (Abyss:3)
  A green draconian simulacrum (Zot:4)
  16 vampire mosquitoes
  3 small abominations (Depths:4)
  Edmund (D:6)
  5 wargs
  An acid dragon (D:12)
  41 nagas
  11 water moccasins
  2 moth of wrath simulacra (Zot:4)
  2 ice beasts
  3 sky beasts
  2 swamp drakes (Lair:3)
  22 orc warriors
  4 black bears
  18 wolves
  A tengu (shapeshifter) (Depths:3)
  23 ogres
  A boggart (D:15)
  A phantom (D:5)
  17 centaurs
  A lemure (D:7)
  6 kobold brigands
  5 bullfrogs
  3 necrophages
  4 elf skeletons
  A gnoll sergeant (D:7)
  A scorpion (D:5)
  13 killer bees
  A vampire bat (Orc:1)
  5 howler monkeys
  6 electric eels (Snake:2)
  2 hounds (D:5)
  A jelly (D:5)
  2 gnoll boudas
  21 orc priests
  A human skeleton (D:5)
  5 iguanas
  40 orc wizards
  A scorpion zombie (D:3)
  7 adders
  19 gnolls
  A white imp (D:8)
  2 ufetubi (D:5)
  3 adder skeletons (D:3)
  3 worms
  3 dart slugs
  69 orcs
  6 endoplasms
  6 giant cockroaches
  6 goblins
  4 hobgoblins
  7 jackals (D:2)
  3 quokkas
  8 ball pythons
  2 ball python skeletons (D:3)
  19 bats
  2 frilled lizards
  A jackal skeleton (D:3)
  32 kobolds
  2 orc zombies (D:5)
  2 quokka zombies (D:3)
  A rat (D:1)
  A bush (Lair:2)
  2 starspawn tentacles (Abyss:3)
1477 creatures vanquished.

Vanquished Creatures (collateral kills)
  A draconian shifter (Zot:4)
  A draconian annihilator (Zot:4)
  A green draconian (Zot:4)
  A white draconian (Zot:4)
4 creatures vanquished.

Vanquished Creatures (others)
  A storm dragon (Zot:2)
  A draconian scorcher (Zot:4)
  A black draconian (Zot:2)
  A red draconian (Zot:4)
  A merfolk impaler (Shoals:4)
  2 satyrs (Shoals:4)
  An iron troll (Depths:4)
  A sea snake (Shoals:4)
  A mana viper (Snake:4)
  A salamander (Snake:1)
  2 fauns (Shoals:4)
  3 merfolk (Shoals:4)
  A naga (Snake:2)
  2 bushes (Lair:2)
  16 fungi
  63 plants
  A starspawn tentacle (Abyss:3)
  10 withered plants
109 creatures vanquished.

Grand Total: 1590 creatures vanquished

Notes
Turn   | Place    | Note
-------+----------+-------------------------------------------
     0 | D:1      | Flugkiller the Minotaur Fighter began the quest for the
                  | Orb.
     0 | D:1      | Reached XP level 1. HP: 19/19 MP: 0/0
   136 | D:1      | Reached XP level 2. HP: 27/27 MP: 1/1
   566 | D:2      | Reached XP level 3. HP: 33/33 MP: 2/2
   810 | D:2      | Found a faded altar of an unknown god.
  1641 | D:3      | Reached XP level 4. HP: 38/40 MP: 3/3
  1676 | D:3      | Reached skill level 1 in Dodging
  2043 | D:3      | Reached XP level 5. HP: 42/47 MP: 4/4
  2124 | D:3      | Reached skill level 5 in Axes
  2329 | D:4      | Found a hide-covered altar of Uskayaw.
  2424 | D:4      | Reached skill level 5 in Fighting
  2434 | D:4      | Reached XP level 6. HP: 20/56 MP: 5/5
  2754 | D:4      | Found a staircase to the Ecumenical Temple.
  2856 | Temple   | Entered the Ecumenical Temple
  3395 | D:5      | Entered Level 5 of the Dungeon
  3395 | D:5      | Found a shimmering altar of Xom.
  3583 | D:5      | Noticed a water moccasin
  3586 | D:5      | Killed a water moccasin
  3587 | D:5      | Reached XP level 7. HP: 60/62 MP: 6/6
  3619 | D:5      | Noticed a wyvern
  3637 | D:5      | Killed a wyvern
  3690 | D:5      | Found a stormy altar of Qazlal.
  3705 | D:5      | Became a worshipper of Qazlal Stormbringer
  3785 | D:5      | Reached XP level 8. HP: 13/71 MP: 7/7
  4187 | D:5      | Found Zazapp's Jewellery Shoppe.
  4877 | D:5      | Reached skill level 5 in Dodging
  4991 | D:6      | Reached * piety under Qazlal
  5215 | D:6      | Found a shadowy altar of Dithmenos.
  5234 | D:6      | Reached skill level 10 in Axes
  5543 | D:6      | Reached XP level 9. HP: 72/81 MP: 8/8
  5546 | D:6      | Reached ** piety under Qazlal
  5772 | D:6      | Noticed Edmund
  5779 | D:6      | Killed Edmund
  6294 | D:7      | Noticed Pikel
  6301 | D:7      | Killed Pikel
  6773 | D:7      | Found Gera's Armour Boutique.
  6876 | D:7      | Found a burning altar of Makhleb.
  6879 | D:7      | Found an ancient bone altar of Kikubaaqudgha.
  6882 | D:7      | Found a bloodstained altar of Trog.
  7081 | D:8      | Found a hazy altar of Hepliaklqana.
  7115 | D:8      | Found a snail-covered altar of Cheibriados.
  7133 | D:8      | Reached XP level 10. HP: 74/91 MP: 9/9
  7353 | D:8      | Reached *** piety under Qazlal
  7420 | D:8      | Found an opulent altar of Gozag.
  7722 | D:9      | Noticed a cyan ugly thing
  7730 | D:9      | Killed a cyan ugly thing
  7731 | D:9      | Reached skill level 10 in Fighting
  7992 | D:9      | Found a blossoming altar of Fedhas.
  8014 | D:9      | Identified the +8 trident "Liuliqed" {elec, Drain rPois
                  | rN+++ Int-2}
  8325 | D:9      | Noticed a two-headed ogre
  8332 | D:9      | Killed a two-headed ogre
  8599 | D:10     | Entered Level 10 of the Dungeon
  8653 | D:10     | Noticed a red ugly thing
  9029 | D:10     | Killed a red ugly thing
  9030 | D:10     | Reached skill level 1 in Invocations
  9030 | D:10     | Reached skill level 1 in Evocations
  9056 | D:10     | Noticed a soul eater
  9067 | D:10     | Reached **** piety under Qazlal
  9439 | D:10     | Noticed a two-headed ogre
  9446 | D:10     | Killed a two-headed ogre
  9447 | D:10     | Reached skill level 5 in Armour
  9447 | D:10     | Reached XP level 11. HP: 52/101 MP: 11/11
 10285 | D:11     | Found a staircase to the Orcish Mines.
 10304 | D:11     | Found a shadowy altar of Dithmenos.
 10374 | D:11     | Noticed a two-headed ogre
 10382 | D:11     | Killed a two-headed ogre
 10409 | D:11     | Noticed a two-headed ogre
 10414 | D:11     | Killed a two-headed ogre
 10478 | D:11     | Found a staircase to the Lair.
 10499 | Lair:1   | Entered Level 1 of the Lair of Beasts
 10523 | Lair:1   | Found the +15 Maxwell's patent armour {-Cast -Tele rElec
                  | Will+ rCorr}
 10574 | Lair:1   | Noticed a seven-headed hydra
 10693 | Lair:1   | Noticed a five-headed hydra
 10696 | Lair:1   | Killed a five-headed hydra
 10697 | Lair:1   | Reached skill level 5 in Invocations
 10775 | Lair:1   | Killed an 11-headed hydra
 10789 | Lair:1   | Reached skill level 5 in Evocations
 10902 | Lair:1   | Noticed a four-headed hydra
 10982 | Lair:1   | Killed a nine-headed hydra
 10983 | Lair:1   | Reached XP level 12. HP: 108/108 MP: 2/15
 11279 | Lair:1   | Found a runed translucent gate.
 11283 | Lair:1   | Found a runed translucent gate.
 11283 | Lair:1   | Found a runed translucent gate.
 11285 | Lair:1   | Noticed Nedank's ghost (journeyman NaNe)
 11348 | Lair:1   | Noticed Fulomu's ghost (journeyman MiEn)
 11624 | Lair:1   | Gained mutation: You sometimes lose your temper in combat.
                  | [potion of mutation]
 11624 | Lair:1   | Gained mutation: You are partially covered in iridescent
                  | scales. (AC +2) [potion of mutation]
 11624 | Lair:1   | Gained mutation: You occasionally shout uncontrollably at
                  | your foes. [potion of mutation]
 11625 | Lair:1   | Lost mutation: You occasionally shout uncontrollably at
                  | your foes. [potion of mutation]
 11625 | Lair:1   | Lost mutation: You sometimes lose your temper in combat.
                  | [potion of mutation]
 11625 | Lair:1   | Gained mutation: You have supernaturally acute eyesight.
                  | (SInv) [potion of mutation]
 11625 | Lair:1   | Gained mutation: You sometimes lose your temper in combat.
                  | [potion of mutation]
 11625 | Lair:1   | Gained mutation: Your flesh is heat resistant. (rF+)
                  | [potion of mutation]
 11721 | Lair:2   | Reached skill level 10 in Armour
 11799 | Lair:2   | Noticed Maggie
 11808 | Lair:2   | Killed Maggie
 12095 | Lair:2   | Paralysed by a hornet for 2 turns
 12189 | Lair:2   | You fall into a shaft and drop 2 floors!
 12197 | Lair:4   | Noticed Snorg
 12201 | Lair:4   | Killed Snorg
 12220 | Lair:4   | Noticed a seven-headed hydra
 12228 | Lair:4   | Killed a four-headed hydra
 12419 | Lair:3   | Found a staircase to the Snake Pit.
 12573 | Lair:3   | Noticed a death yak
 12582 | Lair:3   | Killed a death yak
 12584 | Lair:3   | Noticed a death yak
 12584 | Lair:3   | Noticed a death yak
 12584 | Lair:3   | Noticed a death yak
 12592 | Lair:3   | Killed a death yak
 12596 | Lair:3   | Killed a death yak
 12597 | Lair:3   | Reached skill level 10 in Invocations
 12599 | Lair:3   | Killed a death yak
 12917 | Lair:3   | Reached XP level 13. HP: 116/116 MP: 19/19
 13455 | Lair:3   | Found a staircase to the Shoals.
 13666 | Lair:4   | Reached skill level 15 in Axes
 13669 | Lair:4   | Reached ***** piety under Qazlal
 14360 | Lair:5   | Entered Level 5 of the Lair of Beasts
 14360 | Lair:5   | Found a staircase to the Slime Pits.
 14566 | Lair:5   | Noticed Urug
 14576 | Lair:5   | Killed Urug
 16010 | D:12     | Reached XP level 14. HP: 108/129 MP: 20/20
 16203 | Abyss:3  | Cast into level 3 of the Abyss (a wizard)
 16263 | Abyss:3  | Noticed a tentacled starspawn
 16273 | Abyss:3  | Killed a tentacled starspawn
 16292 | Abyss:3  | Gained mutation: You are weak. (Str -2) [a neqoxec]
 16297 | Abyss:3  | Noticed a starcursed mass
 16301 | Abyss:3  | Gained mutation: You are robust. (+10% HP) [a neqoxec]
 16314 | Abyss:3  | Killed a starcursed mass
 16335 | D:12     | Escaped the Abyss
 16637 | D:12     | Reached ****** piety under Qazlal
 16919 | D:12     | Found a snail-covered altar of Cheibriados.
 16919 | D:12     | Found a radiant altar of Vehumet.
 16921 | D:12     | Found an iron altar of Okawaru.
 16921 | D:12     | Found a blossoming altar of Fedhas.
 17365 | D:12     | Lost mutation: You are partially covered in iridescent
                  | scales. (AC +2) [potion of mutation]
 17365 | D:12     | Lost mutation: You have supernaturally acute eyesight.
                  | (SInv) [potion of mutation]
 17365 | D:12     | Lost mutation: Your flesh is heat resistant. (rF+) [potion
                  | of mutation]
 17365 | D:12     | Gained mutation: You are very weak. (Str -4) [potion of
                  | mutation]
 17365 | D:12     | Gained mutation: You are somewhat resistant to further
                  | mutation. [potion of mutation]
 17365 | D:12     | Gained mutation: You have a pair of large horns on your
                  | head. [potion of mutation]
 17366 | D:12     | Lost mutation: You have a pair of large horns on your head.
                  | [potion of mutation]
 17366 | D:12     | Lost mutation: You are robust. (+10% HP) [potion of
                  | mutation]
 17366 | D:12     | Gained mutation: Your body sometimes deteriorates upon
                  | taking damage. [potion of mutation]
 17368 | D:12     | Lost mutation: You sometimes lose your temper in combat.
                  | [potion of mutation]
 17368 | D:12     | Lost mutation: You are somewhat resistant to further
                  | mutation. [potion of mutation]
 17368 | D:12     | Lost mutation: Your body sometimes deteriorates upon taking
                  | damage. [potion of mutation]
 17368 | D:12     | Gained mutation: Your mind is acute. (Int +4, Str/Dex -1)
                  | [potion of mutation]
 17369 | D:12     | Lost mutation: You are very weak. (Str -4) [potion of
                  | mutation]
 17369 | D:12     | Lost mutation: You are weak. (Str -2) [potion of mutation]
 17369 | D:12     | Lost mutation: Your mind is acute. (Int +4, Str/Dex -1)
                  | [potion of mutation]
 17369 | D:12     | Gained mutation: You have large cloven feet. [potion of
                  | mutation]
 17369 | D:12     | Gained mutation: You have sharp fingernails. [potion of
                  | mutation]
 17369 | D:12     | Gained mutation: You are agile. (Dex +4, Str/Int -1)
                  | [potion of mutation]
 17627 | D:13     | Reached skill level 15 in Armour
 17643 | D:13     | Reached skill level 15 in Fighting
 17761 | D:13     | Identified the +0 robe of the Charming Gods {Will+ Regen+
                  | Int+4 Dex-5}
 18134 | D:13     | Found a gate to the Vaults.
 18764 | D:14     | Reached XP level 15. HP: 136/141 MP: 21/21
 18871 | D:14     | Noticed Roxanne
 18900 | D:14     | Killed Roxanne
 19438 | D:15     | Entered Level 15 of the Dungeon
 19444 | D:15     | Identified the ring "Typyxt" {rF+ rN++ SInv}
 20437 | D:15     | Found a staircase to the Depths.
 21237 | Orc:1    | Entered Level 1 of the Orcish Mines
 21239 | Orc:1    | Noticed Nergalle
 21243 | Orc:1    | Killed Nergalle
 21251 | Orc:1    | Reached skill level 5 in Shields
 21341 | Orc:1    | Found Maph's Antique Weapon Shoppe.
 21363 | Orc:1    | Found a runed translucent gate.
 21364 | Orc:1    | Noticed QuickerDeath's ghost (journeyman TrHW)
 21384 | Orc:1    | Bought a shimmering war axe for 255 gold pieces
 21384 | Orc:1    | Identified the +10 war axe "Beetleslayer" {vamp, rElec rC+
                  | Stlth-} (You bought it in a shop on level 1 of the Orcish
                  | Mines)
 21416 | Orc:1    | Found a runed translucent gate.
 21418 | Orc:1    | Found a runed translucent gate.
 21420 | Orc:1    | Identified the +8 scimitar "Tonn" {vamp, rF+ rC- Will+
                  | Str+4}
 21420 | Orc:1    | Identified the +0 chain mail "Torph" {Fly rCorr}
 21514 | Orc:1    | Noticed an orc warlord
 21530 | Orc:1    | Killed an orc warlord
 21943 | Orc:2    | Entered Level 2 of the Orcish Mines
 21956 | Orc:2    | Noticed Donald
 21992 | Orc:2    | Reached skill level 10 in Shields
 21996 | Orc:2    | Reached XP level 16. HP: 59/155 MP: 15/22
 21998 | Orc:2    | Killed Donald
 22116 | Orc:2    | Found Zygodut's Magic Scroll Emporium.
 22122 | Orc:2    | Found Zosips's Magic Scroll Shoppe.
 22123 | Orc:2    | Found Quemug's Assorted Antiques.
 22125 | Orc:2    | Bought a scroll of enchant weapon for 112 gold pieces
 22125 | Orc:2    | Bought a scroll of magic mapping for 112 gold pieces
 22125 | Orc:2    | Bought a scroll of fear for 60 gold pieces
 22125 | Orc:2    | Bought a scroll of identify for 30 gold pieces
 22125 | Orc:2    | Bought a scroll of identify for 30 gold pieces
 22147 | Orc:2    | Bought a scroll of fog for 48 gold pieces
 22147 | Orc:2    | Bought a scroll of enchant weapon for 90 gold pieces
 22147 | Orc:2    | Bought a scroll of brand weapon for 114 gold pieces
 22147 | Orc:2    | Bought a scroll of teleportation for 36 gold pieces
 22147 | Orc:2    | Bought a scroll of teleportation for 36 gold pieces
 22147 | Orc:2    | Bought a scroll of teleportation for 36 gold pieces
 22149 | Orc:2    | Bought a scroll of identify for 24 gold pieces
 22149 | Orc:2    | Bought a scroll of identify for 24 gold pieces
 22158 | Orc:2    | Found Wot Dat's General Store.
 22209 | Orc:2    | Found a staircase to the Elven Halls.
 22625 | Snake:1  | Entered Level 1 of the Snake Pit
 22826 | Snake:1  | Noticed Agnes
 22837 | Snake:1  | Killed Agnes
 22886 | Snake:1  | Found a runed translucent door.
 22917 | Snake:1  | Identified the +4 ice dragon scales of Patience {rF- rC++
                  | Str+3 Int-4}
 23034 | Snake:1  | Noticed Aizul
 23047 | Snake:1  | Killed Aizul
 24101 | Snake:2  | Reached skill level 15 in Shields
 25783 | Snake:4  | Entered Level 4 of the Snake Pit
 25789 | Snake:4  | Reached XP level 17. HP: 162/162 MP: 23/23
 25991 | Snake:4  | HP: 8/163 [poisoned by a naga ritualist (toxic radiance)]
 26828 | Snake:4  | Found Xyotwa's Jewellery Emporium.
 26828 | Snake:4  | Found Bogreass's Book Shop.
 26829 | Snake:4  | Found Bocs's Book Shop.
 27001 | Snake:4  | Got a serpentine rune of Zot
 27365 | Shoals:1 | Entered Level 1 of the Shoals
 27903 | Shoals:2 | Noticed Kirke
 27912 | Shoals:2 | Killed Kirke
 28243 | Shoals:3 | Noticed Ilsuiw
 28303 | Shoals:3 | Killed Ilsuiw
 28304 | Shoals:3 | Reached XP level 18. HP: 173/173 MP: 26/26
 28361 | Shoals:3 | Noticed Polyphemus
 28382 | Shoals:3 | Killed Polyphemus
 28441 | Shoals:4 | Entered Level 4 of the Shoals
 28510 | Shoals:4 | Noticed Mlioglotl
 28518 | Shoals:4 | Killed Mlioglotl
 28593 | Shoals:4 | Noticed Nikola
 28645 | Shoals:4 | Killed Nikola
 29004 | Shoals:4 | Found a sacrificial altar of Ru.
 29048 | Shoals:4 | Found a snail-covered altar of Cheibriados.
 29157 | Shoals:4 | Got a barnacled rune of Zot
 29343 | Shoals:4 | Identified the ring "Trusted Companion" {Will+ Dex+5}
 29643 | Vaults:1 | Entered Level 1 of the Vaults
 29809 | Vaults:3 | Reached skill level 10 in Evocations
 29906 | Vaults:4 | Reached XP level 19. HP: 157/184 MP: 28/28
 30214 | Vaults:4 | Identified the +6 short sword of Panul {flame, rPois rC+
                  | Dex+2}
 30590 | Vaults:4 | Noticed Frederick
 30602 | Vaults:4 | Killed Frederick
 30919 | Vaults:5 | Entered Level 5 of the Vaults
 31172 | Vaults:5 | Noticed a golden dragon
 31191 | Vaults:5 | Killed a golden dragon
 31511 | Vaults:5 | Noticed a dread lich
 31532 | Vaults:5 | Killed a dread lich
 31533 | Vaults:5 | Reached XP level 20. HP: 186/200 MP: 22/29
 31672 | Vaults:5 | Identified the +7 war axe "Ysesisul" {vorpal, rF+ Will+
                  | Int+2 Dex+2}
 31689 | Vaults:5 | Noticed a golden dragon
 31710 | Vaults:5 | Killed a golden dragon
 32015 | Vaults:5 | Identified the ring of Lady Luck {Fire Int-4 Dex+4}
 32060 | Vaults:5 | Identified the +3 plate armour of Egalitarianism {Harm rF+
                  | Slay+2}
 32390 | Vaults:5 | Identified the +7 hand axe "Killer Bee's Regret" {drain,
                  | rF++ rCorr Str+4 Stlth-}
 32408 | Vaults:5 | Got a silver rune of Zot
 32735 | Vaults:5 | Identified the +0 leather armour of the Vestibule of Hell
                  | {Str+4 Dex+3}
 33273 | Depths:1 | Entered Level 1 of the Depths
 33494 | Depths:2 | Noticed a doom hound
 33497 | Depths:2 | Noticed Grunn
 33499 | Depths:2 | Noticed a doom hound
 33509 | Depths:2 | Killed a doom hound
 33511 | Depths:2 | Killed a doom hound
 33519 | Depths:2 | Noticed a bone dragon
 33553 | Depths:1 | Killed a bone dragon
 33724 | Depths:2 | Killed Grunn
 33786 | Depths:3 | Found a one-way gate to the infinite horrors of the Abyss.
 33813 | Depths:3 | Noticed Mennas
 33855 | Depths:3 | Killed Mennas
 34135 | Depths:3 | Reached XP level 21. HP: 212/213 MP: 30/30
 34274 | Depths:4 | Entered Level 4 of the Depths
 34276 | Depths:4 | Noticed a juggernaut
 34308 | Depths:4 | Killed a juggernaut
 34317 | Depths:4 | Reached skill level 10 in Dodging
 34364 | Depths:4 | Found a gateway to Hell.
 34711 | Depths:4 | Noticed a golden dragon
 34729 | Depths:4 | Killed a golden dragon
 34752 | Depths:4 | Found a gate to the Realm of Zot.
 34774 | Zot:1    | Entered Level 1 of the Realm of Zot
 35493 | Zot:4    | Identified the ring "Yciteg" {Ice +Blink rElec rN+ Dex-4}
 35493 | Zot:4    | Noticed Josephina
 35504 | Zot:4    | Noticed a golden dragon
 35521 | Zot:4    | Killed Josephina
 35523 | Zot:4    | Killed a golden dragon
 35524 | Zot:4    | Reached XP level 22. HP: 217/221 MP: 31/31
 35855 | Zot:4    | Noticed a curse toe
 35856 | Zot:4    | Killed from afar by a purple draconian shifter

Illustrated notes

Levels and vault maps discovered:
D:1:      pf_arrival_petrified_forest, layout_rooms
D:2:      layout_basic, shapermc_ecumenical_altar_venn
D:3:      layout_rooms, serial_undead, serial_undead_f, serial_undead_a,
          serial_undead_b, serial_undead_a, serial_undead_d, serial_undead_e,
          serial_undead_f
D:4:      layout_basic, nicolae_uskayaw_dance_hall,
          minmay_temple_entry_enclosed_plants
D:5:      minmay_diamond_boxcup, layout_basic,
          mainiacjoe_overflow_cross_hatched, mainiacjoe_overflow_tiny_flanked,
          serial_rivers, chequers_serial_rivers_small_3,
          chequers_serial_rivers_small_3, chequers_serial_rivers_micro_e,
          chequers_serial_rivers_micro_c, chequers_serial_rivers_large_b,
          chequers_serial_rivers_small_3, serial_shops, shop,
          nicolae_ossuary_entry_catacombs, nicolae_sextant
D:6:      layout_rooms, mainiacjoe_overflow_concentric_impassable,
          chequers_serial_rivers_small_a, uniq_edmund
D:7:      layout_loops_cross, grunt_temple_overflow_diamond, serial_shops,
          nicolae_take_the_stairs, grunt_decor_mini_mirrors, uniq_pikel
D:8:      layout_rooms, lemuel_tele_altar, slow_altar_1, lemuel_doored_altar,
          minmay_diced_spiral
D:9:      minmay_flawed_box, layout_long_grid, kennysheep_mini
D:10:     layout_grid_maze
D:11:     layout_cross, lair_entry_dummy, grunt_dithmenos_smoke
D:12:     minmay_the_grid_octo_tiled_octocenter [minmay_the_grid_octo_pinwheel,
          minmay_the_grid_octo_thin_diamonds, minmay_the_grid_octo_shrine,
          minmay_the_grid_octo_checkered,
          minmay_the_grid_octo_prize_square_snowflake,
          minmay_the_grid_square_5x5_inner_i,
          minmay_the_grid_square_5x5_inverted_slash,
          minmay_the_grid_square_5x5_longway,
          minmay_the_grid_square_5x5_tetrominoes], layout_irregular_city,
          minivault_10
D:13:     layout_gridville, grunt_vaults_entry_fortified
D:14:     layout_basic, chequers_serial_rivers_small_a, uniq_roxanne
D:15:     gammafunk_enter_depths_forms, layout_layer_cave,
          minmay_misc_feat_diagonals, hangedman_decor_peaks_small,
          minmay_alternating_orb
Temple:   bh_familiar_temple
Lair:1:   layout_gridlike, gammafunk_ghost_cemetery,
          dreamdust_deal_with_the_devil, grunt_megastairs_1
Lair:2:   layout_hall_layers, minmay_hedge_maze, dreamdust_wasp_nest,
          infiniplex_staircase_pool, uniq_maggie
Lair:3:   layout_roguey, minmay_shoals_entry_hut,
          minmay_snake_entry_guardpost_small, pond
Lair:4:   layout_regular_city, uniq_snorg
Lair:5:   grunt_lair_end_beastmaster, layout_layer_cave, slime_entry_1,
          grunt_megastairs_3, serial_bayou_shore_b, uniq_urug
Shoals:1: layout_shoals, serial_shops, nicolae_shop_window_shopping,
          nicolae_shoals_lost_giant_hut
Shoals:2: layout_shoals, uniq_kirke
Shoals:3: cheibrodos_shoals_three_sisters, layout_shoals,
          nicolae_shoals_square_sea_wall, uniq_ilsuiw, uniq_polyphemus
Shoals:4: shoals_end_simple, layout_shoals, hangedman_feature_mirror,
          nicolae_splish_splash, uniq_mlioglotl, uniq_nikola
Snake:1:  cheibrodos_toxic_ritual, layout_onion, uniq_aizul, uniq_agnes
Snake:2:  layout_layer_cave, nicolae_snake_bzzzt
Snake:3:  layout_cave_town
Snake:4:  johnstein_snake_rune_scales, layout_onion_interference, special_room,
          minmay_shop_grove
Orc:1:    layout_caves, serial_shops, nicolae_shop_crystal,
          gammafunk_ghost_split, roderic_batcave, elf_legates, uniq_nergalle
Orc:2:    st_orc_open, layout_caves, uniq_donald
Vaults:1: advil_vaults_ghost_guards, nicolae_vaults_triangles,
          nicolae_vaults_disjoint_gnomons, grunt_vaults_trifunnel,
          hangedman_vaults_restitches, vaults_room_door_hall,
          vaults_room_semicircle, nicolae_vaults_little_squares_2,
          hangedman_vaults_unwind, nicolae_vaults_big_angled_halls,
          v_alt_pattern_1, ontoclasm_vaults_decontamination,
          layout_vaults_omnibox, serial_shops, shop, uniq_zenata
Vaults:2: nzn_ghost_randoct, v_misc_25, v_misc_15, v_rooms_5, v_rooms_3,
          hangedman_vaults_pinch, vaults_room_stairs_pillars,
          vaults_room_door_ring, nicolae_vaults_little_squares_4,
          ontoclasm_vaults_ring_small, v_alt_pattern_2, vaults_room_fours,
          hangedman_vaults_maws, layout_vaults_big_cross, serial_shops
Vaults:3: hangedman_vaults_stitches, minmay_crypt_entry_necro_gods,
          hangedman_vaults_stagger, nicolae_vaults_angled_halls,
          ontoclasm_vaults_chip, ontoclasm_vaults_twist, v_misc_9,
          ontoclasm_vaults_misaligned, ontoclasm_vaults_pinch,
          hangedman_vaults_stretched_pinwheel, nicolae_vaults_mini_display_case,
          v_misc_10, grunt_vaults_focal, nicolae_vaults_shelves_hall,
          vaults_dpeg_diagonal, layout_vaults_ring, serial_shops,
          shop_fountains, shop_statue, nicolae_shop_behind_doors,
          nicolae_trove_entry_isolated
Vaults:4: vaults_dpeg_encased_lava, v_misc_13, nicolae_vaults_little_ls,
          ontoclasm_vaults_idyll, vaults_room_pool, v_misc_22,
          nicolae_vaults_little_squares_3, nicolae_vaults_shelves_hall,
          layout_vaults_big_room, uniq_frederick
Vaults:5
Depths:1: layout_gridlike, hell_entry, okawaru_altar_gauntlet_db, uniq_asterion
Depths:2: minmay_nine_rooms, layout_cave_pools, enter_ziggurat_b, pan_entry,
          nicolae_abyss_entry_one_way_or_another, grunt_mini_vestibule,
          hangedman_decor_lopped, uniq_grunn
Depths:3: minmay_fractal_lines_corner, layout_cave_pools, serial_bayou_pond_a,
          grunt_hell_entry_dis_mu, abyss_entry_crystal, roderic_serpentine_path,
          minmay_shop_enchanted_jewellery, uniq_mennas
Depths:4: grunt_zot_entry_pinwheel, layout_cave_pools,
          wad_floor_pattern_untrapped, hell_entry, minmay_room_of_horrors
Zot:1:    layout_onion
Zot:2:    layout_gridlike, st_stairs_11
Zot:3:    layout_twisted_circle
Zot:4:    lemuel_firehouse, layout_cathedral_of_symmetry, uniq_josephina

Skill      XL: |  1  2  3  4  5  6  7  8  9 10 11 12 13 14 15 16 17 18 19 20 21 22 |
---------------+-------------------------------------------------------------------+-----
Axes           | 3 4 5 6 8 10 12 14 16 17 18 | 18.0
Fighting       | 4 5 6 7 9 10 11 13 15 17 18 19 22 23 | 23.8
Armour         | 4 5 9 11 13 15 17 18 20 22 23 | 23.8
Dodging        | 1 2 3 4 6 7 8 13 14 | 14.1
Invocations    | 2 6 10 12 13 14 | 14.0
Evocations     | 2 5 6 8 10 | 10.0
Shields        | 10 15 18 19 | 19.2

Action                   |  1- 3 |  4- 6 |  7- 9 | 10-12 | 13-15 | 16-18 | 19-21 | 22-24 || total
-------------------------+-------+-------+-------+-------+-------+-------+-------+-------++-------
Melee: War axe           |    94 |    95 |   211 |       |   123 |  1212 |  1376 |   119 ||  3230
       Headbutt          |     9 |    17 |    56 |    83 |   242 |   329 |   479 |    33 ||  1248
       Broad axe         |       |       |    21 |   346 |   645 |       |       |       ||  1012
Invok: Upheaval          |       |       |       |     9 |       |     3 |     1 |       ||    13
       Disaster Area     |       |       |       |       |     1 |     5 |     5 |       ||    11
       Elemental Force   |       |       |       |       |       |       |       |     1 ||     1
Evoke: Wand              |       |       |       |     8 |       |     3 |     2 |       ||    13
       Condenser vane    |       |       |       |       |       |       |       |     1 ||     1
  Use: Potion            |       |     2 |       |     2 |     5 |     4 |     8 |     1 ||    22
       Scroll            |       |       |    10 |    10 |    10 |    10 |     9 |       ||    49
 Stab: Petrified         |       |       |       |       |       |    10 |       |       ||    10
       Petrifying        |       |       |       |       |       |     1 |       |       ||     1
       Invisible         |       |       |       |       |       |       |     2 |       ||     2
       Distracted        |       |       |       |       |       |       |       |     1 ||     1
Armor: Scale mail        |    67 |    60 |    75 |    22 |       |       |       |       ||   224
       Troll leather arm |       |       |       |    42 |       |       |       |       ||    42
       Plate armour      |       |       |       |    24 |   443 |   403 |   643 |       ||  1513
       Gold dragon scale |       |       |       |       |       |       |   197 |    94 ||   291
Dodge: Dodged            |    62 |    53 |   154 |   286 |   528 |   445 |   651 |    60 ||  2239
       Repelled          |       |       |       |     3 |    13 |    40 |    18 |     7 ||    81
Block: Buckler           |    40 |    20 |       |       |       |       |       |       ||    60
       Orb               |       |       |    18 |    86 |   308 |     7 |       |       ||   419
       Kite shield       |       |       |       |       |       |  1522 |  1689 |   184 ||  3395
       Reflection        |       |       |       |       |       |   178 |    13 |     2 ||   193

Table legend: (Time is in decaauts)
 A = Elapsed time spent in this place.
 B = Non-inter-level travel time spent in this place.
 C = Inter-level travel time spent in this place.
 D = Time resting spent in this place.
 E = Time spent auto-exploring this place.
 F = Levels seen in this place.
 G = Mean time per level.
                   A        B        C        D        E       F      G
               +--------+--------+--------+--------+--------+-----+--------+
         Total |  35482 |  33696 |   1786 |   2836 |  23878 |  45 |  788.5 |
       Dungeon |  15682 |  14836 |    846 |   1819 |  10868 |  15 | 1045.5 |
        Temple |    194 |    167 |     27 |      0 |    163 |   1 |  194.0 |
          Lair |   5650 |   5311 |    339 |    181 |   4164 |   5 | 1130.0 |
        Shoals |   2208 |   2018 |    190 |     28 |   1240 |   4 |  552.0 |
     Snake Pit |   4584 |   4436 |    148 |    335 |   3350 |   4 | 1146.0 |
  Orcish Mines |   1246 |   1183 |     63 |      0 |    917 |   2 |  623.0 |
        Vaults |   3411 |   3264 |    147 |    149 |   2278 |   5 |  682.2 |
        Depths |   1387 |   1365 |     22 |    171 |    508 |   4 |  346.8 |
           Zot |    992 |    992 |      0 |    153 |    346 |   4 |  248.0 |
         Abyss |    123 |    123 |      0 |      0 |     44 |   1 |  123.0 |
               +--------+--------+--------+--------+--------+-----+--------+

Top non-repeatable levels by time:
     D:5: 1939 daAuts
Vaults:5: 1937 daAuts
    D:15: 1754 daAuts
  Lair:5: 1532 daAuts
 Snake:3: 1433 daAuts
     D:2: 1382 daAuts
     D:9: 1324 daAuts
    D:10: 1318 daAuts
  Lair:3: 1296 daAuts
    D:13: 1251 daAuts
Vaults:4: 1229 daAuts
  Lair:1: 1208 daAuts
 Snake:4: 1137 daAuts
    D:12: 1132 daAuts
 Snake:2: 1126 daAuts
